 Dungeon Crawl Stone Soup version 0.32-a0-612-g1c984fe9d1 (webtiles) character file.

Game seed: 17485905500578299428

61 sakurarose the Changeling (level 3, -2/28 HPs)
             Began as a Demigod Shapeshifter on Mar 4, 2024.
             Slain by a kobold
             ... wielding a +0 club
              (3 damage)
             ... on level 3 of the Dungeon.
             The game lasted 00:26:23 (1344 turns).

sakurarose the Changeling (Demigod Shapeshifter)    Turns: 1344, Time: 00:26:23

Health: -2/28      AC:  7    Str: 18    XL:     3   Next: 58%
Magic:  5/5        EV: 11    Int: 21    God:
Gold:   79         SH:  0    Dex: 15    Spells: 2/2 levels left

rFire   . . .        j - +0 short sword
rCold   . . .        (no shield)
rNeg    . . .        l - +0 ring mail
rPois   .            (no helmet)
rElec   .            (no cloak)
rCorr   .            n - +1 pair of gloves of the Harvest {Str+3 Int+5 Dex+2}
SInv    .            (no boots)
Will    .....        (no amulet)
Stlth   +            (no ring)
HPRegen 0.24/turn    (no ring)
MPRegen 0.09/turn

%: no passive effects
@: no status effects
A: high MP 1, forlorn, divine attributes
a: no special abilities


You were on level 3 of the Dungeon.
You visited 1 branch of the dungeon, and saw 3 of its levels.

You collected 79 gold pieces.

Inventory:

Hand Weapons
 j - a +0 short sword (weapon)
Armour
 a - a +0 animal skin
 h - a +0 robe
 k - a +0 leather armour
 l - a +0 ring mail (worn)
 n - the +1 pair of gloves of the Harvest (worn) {Str+3 Int+5 Dex+2}
   (You found it on level 3 of the Dungeon)

   Str+3:     It affects your strength (+3).
   Int+5:     It affects your intelligence (+5).
   Dex+2:     It affects your dexterity (+2).
Talismans
 c - a beast talisman
 d - a flux talisman
Scrolls
 g - a scroll of vulnerability {unknown}
 i - 2 scrolls of enchant weapon {unknown}
Potions
 b - a potion of lignification
 e - a potion of mutation {unknown}
 f - 2 potions of curing {unknown}
 m - a potion of brilliance {unknown}
 o - a potion of ambrosia {unknown}


   Skills:
 + Level 1.1 Fighting
 + Level 0.7 Short Blades
 + Level 0.4 Armour
 + Level 2.2 Dodging
 + Level 0.4 Stealth
 + Level 3.0 Unarmed Combat
 + Level 3.3 Shapeshifting


You had 2 spell levels left.
You didn't know any spells.
Your spell library contained the following spells:

 Spells                   Type           Power      Damage    Failure   Level
 Sandblast                Erth           0%         2d4       32%         1
 Ensorcelled Hibernation  Hex/Ice        0%         N/A       43%         2
 Fugue of the Fallen      Necr           0%         N/A       67%         3
 Anguish                  Hex/Necr       0%         N/A       97%         4


Dungeon Overview and Level Annotations

Branches:
Dungeon (3/15)

Shops:
D:1 (


Innate Abilities, Weirdness & Mutations

You have an increased reservoir of magic. (+10% MP)
You shall have no god before yourself.
Your divine heritage dramatically boosts your attributes as you level up.


Message History

You hit the adder.
The adder is heavily wounded.
The kobold hits you with a +0 club.
* * * LOW HITPOINT WARNING * * *
The rat bites you but does no damage.
The jackal bites you but does no damage.
The jackal closely misses you. The adder closely misses you.
You hit the adder.
The adder is almost dead.
The jackal closely misses you.
The jackal bites you but does no damage.
The rat barely misses you. The kobold hits you but does no damage.
The adder bites you.
* * * LOW HITPOINT WARNING * * *
The jackal bites you but does no damage.
The jackal closely misses you.
You barely miss the adder.
The adder is almost dead.
The adder bites you but does no damage. The kobold closely misses you.
The rat barely misses you.
The jackal bites you but does no damage.
The jackal bites you.
* * * LOW HITPOINT WARNING * * *
You barely miss the adder.
The adder is almost dead.
The adder closely misses you. The rat closely misses you.
The kobold hits you with a +0 club.
* * * LOW HITPOINT WARNING * * *
The jackal closely misses you. The jackal misses you.
The adder barely misses you.
You hit the adder.
You kill the adder!
The jackal misses you. The jackal barely misses you. The rat bites you.
* * * LOW HITPOINT WARNING * * *
The kobold barely misses you. The bat hits you but does no damage.
The jackal bites you but does no damage.
The jackal closely misses you.
You closely miss the bat. The bat hits you but does no damage.
The kobold hits you with a +0 club.
You die...

#...........#....>.
###############..##
#######..#
#######........#
#........§......
#######.#.≈≈≈≈≈≈≈.....
..#...........≈≈§§≈≈....
.....bhrK...ß..§._≈≈§..#
.....h.@......≈§§≈≈≈.+##
......h###..≈≈≈§§≈≈§..##
....... ##....§......##
....... #####.#####.##
....... #.......##
....... #######.#
....... #.# ....... #.#
#.#


You could see 3 jackals, a bat, a kobold and a rat.

Vanquished Creatures
  3 adders
  A dart slug (D:2)
  3 endoplasms
  8 giant cockroaches
  A goblin (D:1)
  A hobgoblin (D:1)
  3 jackals
  4 kobolds
  A ball python (D:2)
  2 frilled lizards
  2 rats (D:1)
29 creatures vanquished.

Notes
Turn   | Place    | Note
-------+----------+-------------------------------------------
     0 | D:1      | sakurarose the Demigod Shapeshifter began the quest for the
                  | Orb.
     0 | D:1      | Reached XP level 1. HP: 15/15 MP: 3/3
   229 | D:1      | Found Ynayc's Antique Weapon Shoppe.
   322 | D:1      | Got Plato's Guidebook on Cleavage
   497 | D:1      | Reached XP level 2. HP: 15/22 MP: 4/4
   998 | D:2      | Reached skill level 1 in Fighting
  1085 | D:2      | Reached XP level 3. HP: 26/28 MP: 5/5
  1148 | D:3      | Identified the +1 pair of gloves of the Harvest {Str+3
                  | Int+5 Dex+2}
  1343 | D:3      | HP: 1/28 [rat (1)]
  1344 | D:3      | Slain by a kobold

Illustrated notes

Levels and vault maps discovered:
D:1:      nagdon_arrival_double_spiral, layout_basic,
          shapermc_ecumenical_altar_rom_forum, serial_shops, shop,
          minmay_worlds_worst_comb
D:2:      layout_basic, serial_bayou_pond_d
D:3:      layout_basic, mainiacjoe_overflow_catwalk, minmay_snake_closets

Skill      XL: |  1  2  3 |
---------------+----------+-----
Shapeshifting  | 3 |  3.3
Fighting       | 1 |  1.1
Dodging        | 2 |  2.2
Unarmed Combat | 3 |  3.0
Short Blades   | |  0.7
Armour         | |  0.4
Stealth        | |  0.4

Action                     || total
---------------------------++-------
  Melee: Unarmed           ||    41
         Punch             ||     1
         Short sword       ||   137
Ability: Begin Untransform ||     1
    Use: Scroll            ||     3
 Armour: Robe              ||    15
         Animal skin       ||     2
         Leather armour    ||    27
         Ring mail         ||   111
  Dodge: Dodged            ||   155

Table legend: (Time is in decaauts)
 A = Elapsed time spent in this place.
 B = Non-inter-level travel time spent in this place.
 C = Inter-level travel time spent in this place.
 D = Time resting spent in this place.
 E = Time spent auto-exploring this place.
 F = Levels seen in this place.
 G = Mean time per level.
                   A        B        C        D        E       F      G
               +--------+--------+--------+--------+--------+-----+--------+
         Total |   1339 |    453 |    886 |      0 |      2 |   3 |  446.3 |
       Dungeon |   1339 |    453 |    886 |      0 |      2 |   3 |  446.3 |
               +--------+--------+--------+--------+--------+-----+--------+

Top non-repeatable levels by time:
     D:1: 938 daAuts
     D:3: 206 daAuts
     D:2: 194 daAuts
